[Event "Early-Titled-Tuesday-Blitz-May-07-2024"]
[Site "Chess.com"]
[Date "2024.05.07"]
[Round "1"]
[White "Let_it_be_1"]
[Black "kekic76"]
[Result "1-0"]
[WhiteElo "2648"]
[BlackElo "2351"]
[TimeControl "180+1"]
[EndTime "8:01:28 PDT"]
[Termination "Let_it_be_1 won by resignation"]

1. e4 c6 2. d4 d5 3. Nd2 dxe4 4. Nxe4 Bf5 5. Ng3 Bg6 6. N1e2 h6 7. Nf4 Bh7 8. c3 Nf6 9. Bc4 e6 10. Ngh5 Be7 11.
Nxg7+ Kf8 12. Ngxe6+ 1-0

[Event "Early-Titled-Tuesday-Blitz-May-07-2024"]
[Site "Chess.com"]
[Date "2024.05.07"]
[Round "1"]
[White "vaishali2001"]
[Black "OppieZippy"]
[Result "1-0"]
[WhiteElo "2697"]
[BlackElo "2396"]
[TimeControl "180+1"]
[EndTime "8:02:09 PDT"]
[Termination "vaishali2001 won by resignation"]

1. e4 Nf6 2. e5 Nd5 3. d4 d6 4.
Nf3 dxe5 5. Nxe5 c6 6. Bc4 Nd7 7. Nf3 N7f6 8. O-O Bf5 9. c3 e6 10. Bg5 Bd6 11. Nbd2 h6 12. Bh4 O-O 13. Re1 Be7 14. h3 a5 15. a4 Re8 16. Ne5 Nd7 17. Bxe7 Qxe7 18. Ndf3 Nxe5 19. Nxe5 Bh7 20. Qf3 Rad8 21.
Re2 Qc7 22. Rae1 Nf6 23. Nd3 Be4 24. Rxe4 1-0

[Event "Early-Titled-Tuesday-Blitz-May-07-2024"]
[Site "Chess.com"]
[Date "2024.05.07"]
[Round "1"]
[White "Honiex"]
[Black "Senn71"]
[Result "1-0"]
[WhiteElo "2581"]
[BlackElo "2201"]
[TimeControl "180+1"]
[EndTime "8:02:34 PDT"]
[Termination "Honiex won by resignation"]

1. Nc3 d5 2. e4 d4 3. Nce2 c5 4. Ng3 e5 5. Bc4 Bd6 6. Nf3 Ne7 7. Ng5 O-O 8. Qh5 h6 9. Nxf7 Rxf7 10.
Qxf7+ Kh7 11. Nh5 1-0

[Event "Early-Titled-Tuesday-Blitz-May-07-2024"]
[Site "Chess.com"]
[Date "2024.05.07"]
[Round "1"]
[White "Aisen1011"]
[Black "GMSrinath"]
[Result "0-1"]
[WhiteElo "2475"]
[BlackElo "2847"]
[TimeControl "180+1"]
[EndTime "8:02:41 PDT"]
[Termination "GMSrinath won by resignation"]

1. d4 f5 2. g3 Nf6 3. Bg2 g6 4. Nd2 Bg7 5. e4 Nxe4 6. Nxe4 fxe4 7. Bxe4 O-O 8. Ne2 d5 9. Bg2 Nc6 10. O-O Bg4 11. c3 Qd7 12. Be3 Rad8 13. Qd2 e5 14. dxe5 Nxe5 15. Bd4 Nf3+ 16. Bxf3 Bxf3 17. Nf4 Bh6 18. Qe3 Rxf4 0-1

[Event "Early-Titled-Tuesday-Blitz-May-07-2024"]
[Site "Chess.com"]
[Date "2024.05.07"]
[Round "1"]
[White "Airquake"]
[Black "Road2GM3000"]
[Result "1-0"]
[WhiteElo "2824"]
[BlackElo "2466"]
[TimeControl "180+1"]
[EndTime "8:02:43 PDT"]
[Termination "Airquake won by resignation"]

1. e4 e5 2. Nf3 Nf6 3. Nc3 Nc6 4.
Bc4 Nxe4 5. Nxe4 d5 6. Bd3 dxe4 7. Bxe4 Bd6 8. d4 f5 9. Bxc6+ bxc6 10. dxe5 Bb4+ 11.
Bd2 Bxd2+ 12. Qxd2 Qxd2+ 13. Kxd2 Ba6 14. Nd4 O-O-O 15.
Kc3 f4 16. Nxc6 Rd5 17. Ne7+ 1-0

[Event "Early-Titled-Tuesday-Blitz-May-07-2024"]
[Site "Chess.com"]
[Date "2024.05.07"]
[Round "1"]
[White "miragha_yev"]
[Black "Eliwood44"]
[Result "1-0"]
[WhiteElo "2815"]
[BlackElo "2455"]
[TimeControl "180+1"]
[EndTime "8:02:56 PDT"]
[Termination "miragha_yev won by resignation"]

1. c4 Nf6 2. Nc3 e6 3. e4 c5 4. e5 Ng8 5. d4 cxd4 6. Qxd4 Nc6 7. Qe4 Bb4 8. Bd2 Bxc3 9. Bxc3 Nge7 10. Nf3 b6 11.
O-O-O Bb7 12. Kb1 Rc8 13. Qg4 Kf8 14. h4 Na5 15. h5 h6 16. Qf4 Qc7 17. Be2 Nxc4 18.
Bxc4 Qxc4 19. Qxc4 Rxc4 20. Rxd7 Be4+ 21. Ka1 Nd5 22.
Rd8+ Ke7 23. Rxh8 b5 24. Nd2 1-0

[Event "Early-Titled-Tuesday-Blitz-May-07-2024"]
[Site "Chess.com"]
[Date "2024.05.07"]
[Round "1"]
[White "klimkoj"]
[Black "Happy1712Drummer"]
[Result "1-0"]
[WhiteElo "2921"]
[BlackElo "2507"]
[TimeControl "180+1"]
[EndTime "8:02:59 PDT"]
[Termination "klimkoj won by resignation"]

1. d4 Nf6 2. Nf3 d5 3. c4 e6 4. Nc3 a6 5. cxd5 exd5 6. Bg5 Be6 7. e3 Bd6 8. Bd3 Nbd7 9. O-O O-O 10. Qc2 h6 11. Bh4 Rc8 12. Rad1 c5 13. dxc5 Nxc5 14.
Bf5 Nce4 15. Bxe4 dxe4 16. Bxf6 Qxf6 17. Qxe4 Bb8 18. Qxb7 Bg4 19. h3 Bh5 20. Nd5 Qd6 21. Ne7+ 1-0

[Event "Early-Titled-Tuesday-Blitz-May-07-2024"]
[Site "Chess.com"]
[Date "2024.05.07"]
[Round "1"]
[White "NovakRatko"]
[Black "KnightDuta"]
[Result "0-1"]
[WhiteElo "2423"]
[BlackElo "2740"]
[TimeControl "180+1"]
[EndTime "8:03:09 PDT"]
[Termination "KnightDuta won by resignation"]

1. d3 d5 2. e4 dxe4 3. dxe4 Qxd1+ 4. Kxd1 e5 5. c3 f5 6. Bd3 fxe4 7. Bxe4 Nf6 8. Bc2 Nc6 9. f3 Be6 10. Be3 O-O-O+ 11. Ke2 Nd5 12. b4 Nxe3 13. Kxe3 Be7 14. Ne2 a5 15. a3 Kb8 16. Be4 Rd6 17. h4 h5 18. Nd2 g5 19. g3 gxh4 20. gxh4 Bf8 21.
Bd5 Bh6+ 0-1

[Event "Early-Titled-Tuesday-Blitz-May-07-2024"]
[Site "Chess.com"]
[Date "2024.05.07"]
[Round "1"]
[White "MITerryble"]
[Black "GameOverBro"]
[Result "1-0"]
[WhiteElo "3038"]
[BlackElo "2530"]
[TimeControl "180+1"]
[EndTime "8:03:15 PDT"]
[Termination "MITerryble won by resignation"]

1. e4 d6 2. d4 Nf6 3. Bd3 e5 4. c3 d5 5. Bg5 dxe4 6. Bxe4 exd4 7. Qe2 Be6 8. Bxb7 Nbd7 9. Bxa8 Qxa8 10. Nf3 dxc3 11.
Nxc3 Bc5 12. O-O O-O 13. Be3 Bb4 14. Nd4 Bg4 15. f3 Bh5 16. Rfe1 Re8 17. Qf2 a6 18.
Rad1 Nb6 19. Nc2 Bd6 20. Bxb6 1-0

[Event "Early-Titled-Tuesday-Blitz-May-07-2024"]
[Site "Chess.com"]
[Date "2024.05.07"]
[Round "1"]
[White "KINGOF2SOAP"]
[Black "Onischuk_V"]
[Result "0-1"]
[WhiteElo "2459"]
[BlackElo "2819"]
[TimeControl "180+1"]
[EndTime "8:03:17 PDT"]
[Termination "Onischuk_V won by checkmate"]

1. e4 d6 2. d4 Nf6 3. Nc3 g6 4. f3 c6 5. Be3 b5 6. a3 Nbd7 7. Qd2 Bb7 8. O-O-O a5 9. Nge2 b4 10. axb4 axb4 11. Nb1 Qb6 12. d5 Qc5 13. Bxc5 dxc5 14. g4 cxd5 15. exd5 Nxd5 16. Nf4 Bh6 17. Qe2 Bxf4+ 18.
Nd2 Ra1# 0-1

[Event "Early-Titled-Tuesday-Blitz-May-07-2024"]
[Site "Chess.com"]
[Date "2024.05.07"]
[Round "1"]
[White "SHIVACalypso"]
[Black "Shield12"]
[Result "1-0"]
[WhiteElo "2544"]
[BlackElo "2998"]
[TimeControl "180+1"]
[EndTime "8:03:23 PDT"]
[Termination "SHIVACalypso won by resignation"]

1. Nf3 c5 2. c4 g6 3. g3 Bg7 4.
Bg2 Nf6 5. O-O d5 6. cxd5 Nxd5 7. Nc3 Nc6 8. Nxd5 Qxd5 9. d3 O-O 10. Be3 Bd7 11. Rc1 Qxa2 12. b3 b6 13. d4 cxd4 14. Nxd4 Nxd4 15. Bxd4 Rad8 16. Ra1 Qxa1 17. Qxa1 Bxd4 18. Qxd4 Be6 19. Qb4 Rd6 20. e4 Rfd8 21.
e5 R6d7 22. h4 h5 23. Rc1 Kf8 24.
Kh2 Rd4 25. Qa3 R8d7 26. Bh3 Rd2 27. Bxe6 Rxf2+ 28. Kg1 Rdd2 29. Bh3 1-0

[Event "Early-Titled-Tuesday-Blitz-May-07-2024"]
[Site "Chess.com"]
[Date "2024.05.07"]
[Round "1"]
[White "Aslanov_Umid"]
[Black "ClauSanLuis"]
[Result "1-0"]
[WhiteElo "2651"]
[BlackElo "2349"]
[TimeControl "180+1"]
[EndTime "8:03:30 PDT"]
[Termination "Aslanov_Umid won by resignation"]

1. e4 c5 2. Nf3 Nc6 3. d4 cxd4 4.
Nxd4 Nf6 5. Nc3 e5 6. Ndb5 a6 7. Nd6+ Bxd6 8. Qxd6 Qe7 9. Qxe7+ Kxe7 10. Bg5 Rb8 11. Nd5+ Ke6 12. Bc4 Na5 13. Bxf6 Nxc4 14.
Bxg7 Rg8 15. Bh6 Rxg2 16. O-O-O d6 17. f4 exf4 18. Nxf4+ 1-0

[Event "Early-Titled-Tuesday-Blitz-May-07-2024"]
[Site "Chess.com"]
[Date "2024.05.07"]
[Round "1"]
[White "Darko-Dimitrijevic"]
[Black "EgorYakovlev"]
[Result "1-0"]
[WhiteElo "2282"]
[BlackElo "2569"]
[TimeControl "180+1"]
[EndTime "8:03:35 PDT"]
[Termination "Darko-Dimitrijevic won by resignation"]

1. c4 g6 2. g3 Bg7 3. Bg2 c5 4. Nc3 Nc6 5. d3 d6 6. a3 e5 7. Nf3 Nge7 8. O-O O-O 9. Bg5 f6 10. Bd2 Be6 11. Rb1 a5 12. e4 h6 13. Qc1 Kh7 14. h3 f5 15. Nd5 a4 16. b4 axb3 17.
Rxb3 Bxd5 18. exd5 Nd4 19. Nxd4 exd4 20. Rxb7 Rxa3 21. Qxa3 g5 22. f4 Ng6 23. Qa7 Qf6 24. fxg5 hxg5 25. Be4 1-0

[Event "Early-Titled-Tuesday-Blitz-May-07-2024"]
[Site "Chess.com"]
[Date "2024.05.07"]
[Round "1"]
[White "cycygogne"]
[Black "ChainedDowntohell"]
[Result "0-1"]
[WhiteElo "2173"]
[BlackElo "2573"]
[TimeControl "180+1"]
[EndTime "8:03:38 PDT"]
[Termination "ChainedDowntohell won by resignation"]

1. e4 g6 2. d4 d6 3. Nc3 Bg7 4. Bg5 a6 5. Qd2 b5 6. Bd3 Bb7 7. O-O-O h6 8. Bh4 Nd7 9. f4 c5 10. dxc5 Nxc5 11. Nf3 Qa5 12. Kb1 Bxc3 13. bxc3 Na4 14.
Be1 Nf6 15. c4 Qxd2 16. Nxd2 Nc3+ 17. Kb2 Nxd1+ 0-1

[Event "Early-Titled-Tuesday-Blitz-May-07-2024"]
[Site "Chess.com"]
[Date "2024.05.07"]
[Round "1"]
[White "kecalk"]
[Black "gurelediz"]
[Result "1-0"]
[WhiteElo "2541"]
[BlackElo "2942"]
[TimeControl "180+1"]
[EndTime "8:03:40 PDT"]
[Termination "kecalk won by resignation"]

1. Nf3 Nf6 2. g3 e6 3. Bg2 d5 4. O-O Be7 5. d4 O-O 6. c4 dxc4 7. Qc2 a6 8. a4 Bd7 9. Qxc4 Bc6 10. Bg5 Nbd7 11.
Nbd2 h6 12. Bxf6 Nxf6 13. e3 Bd6 14. Rfd1 Qe7 15. Qc2 Rfd8 16. Nb3 Be4 17. Qe2 Rac8 18. Rdc1 c5 19. dxc5 Bxc5 20. Nxc5 Rxc5 21. Nd4 e5 22. Nb3 Rxc1+ 23. Rxc1 Bxg2 24. Kxg2 g6 25. Qc4 Kg7 26. a5 Rd6 27. Nc5 Qc7 28. Ne6+ 1-0

[Event "Early-Titled-Tuesday-Blitz-May-07-2024"]
[Site "Chess.com"]
[Date "2024.05.07"]
[Round "1"]
[White "BeReal24"]
[Black "PeshkaCh"]
[Result "0-1"]
[WhiteElo "2487"]
[BlackElo "2875"]
[TimeControl "180+1"]
[EndTime "8:03:42 PDT"]
[Termination "PeshkaCh won by resignation"]

1. e4 e5 2. Nf3 Nc6 3. Bb5 a6 4. Ba4 Nge7 5. O-O Ng6 6. c3 d5 7.
exd5 Qxd5 8. d4 Bg4 9. dxe5 O-O-O 10. Qxd5 Rxd5 11. Ng5 Ngxe5 12. Bb3 Rd7 13. f4 Bc5+ 14.
Kh1 Nd3 15. h3 Be2 16. Nd2 Nxc1 17. Raxc1 Rxd2 18. Nxf7 Rf8 19. Rfe1 Bf2 20. Ng5 Bxe1 21. Rxe1 Rxf4 22. Nf3 Rxb2 23. Ng1 Rf1 0-1

[Event "Early-Titled-Tuesday-Blitz-May-07-2024"]
[Site "Chess.com"]
[Date "2024.05.07"]
[Round "1"]
[White "sudtirolese06"]
[Black "Franmu14"]
[Result "1-0"]
[WhiteElo "2427"]
[BlackElo "2708"]
[TimeControl "180+1"]
[EndTime "8:03:46 PDT"]
[Termination "sudtirolese06 won by resignation"]

1. e4 e5 2. Nf3 Nc6 3. Bc4 Bc5 4. O-O Nf6 5. d4 Bxd4 6. Nxd4 Nxd4 7. Bg5 h6 8. Bh4 d6 9. f4 Be6 10. Na3 Qe7 11. fxe5 dxe5 12. Bxf6 gxf6 13. c3 Bxc4 14. Nxc4 Ne6 15. Ne3 Rg8 16. Qf3 Nf4 17. Rad1 Qe6 18.
Kh1 Rd8 19. g3 Rxd1 20. Rxd1 Qh3 21. Qf2 Nh5 22. Nf5 Qg4 23. Qd2 Qxe4+ 24. Kg1 1-0

[Event "Early-Titled-Tuesday-Blitz-May-07-2024"]
[Site "Chess.com"]
[Date "2024.05.07"]
[Round "1"]
[White "lefonghua"]
[Black "lluiss"]
[Result "1-0"]
[WhiteElo "2584"]
[BlackElo "2219"]
[TimeControl "180+1"]
[EndTime "8:03:55 PDT"]
[Termination "lefonghua won by resignation"]

1. d4 Nf6 2. c4 g6 3. Nc3 d5 4. cxd5 Nxd5 5. e4 Nxc3 6. bxc3 Bg7 7. Nf3 c5 8. Rb1 O-O 9. Be2 cxd4 10. cxd4 Qa5+ 11. Bd2 Qxa2 12. O-O Bg4 13. Bg5 Rd8 14. d5 Bf6 15. Bxf6 exf6 16. Rxb7 Nd7 17. h3 Bxf3 18.
Bxf3 Rab8 19. Rxb8 Rxb8 20. Qa1 Rb2 21. Qxa2 Rxa2 22. Rc1 Ne5 23. Rc7 Nxf3+ 24. gxf3 a5 25. Ra7 Kg7 26. Kg2 f5 27. e5 f4 28. e6 Kg8 29. e7 1-0

[Event "Early-Titled-Tuesday-Blitz-May-07-2024"]
[Site "Chess.com"]
[Date "2024.05.07"]
[Round "1"]
[White "Denisenko_Denis"]
[Black "aa175"]
[Result "0-1"]
[WhiteElo "2423"]
[BlackElo "2743"]
[TimeControl "180+1"]
[EndTime "8:03:58 PDT"]
[Termination "aa175 won by resignation"]

1. d4 d5 2. Bf4 c5 3. e3 Nc6 4. c3 cxd4 5. exd4 Bf5 6. Nd2 e6 7.
Ngf3 Bd6 8. Bxd6 Qxd6 9. Be2 Nge7 10. O-O O-O 11. Re1 Rab8 12. a4 f6 13. Nh4 Be4 14. f3 Bg6 15. Nxg6 Nxg6 16. Bd3 Nf4 17. Bc2 e5 18.
dxe5 Qc5+ 19. Kh1 Qf2 20. Rg1 Nxe5 21. Nb3 Rbe8 22. Qd2 Ned3 23. Bxd3 Qxd2 24. Bxh7+ Kxh7 25. Nxd2 Re2 26. Rad1 Nd3 27. Rgf1 Nxb2 28. Rfe1 Rfe8 0-1

[Event "Early-Titled-Tuesday-Blitz-May-07-2024"]
[Site "Chess.com"]
[Date "2024.05.07"]
[Round "1"]
[White "Kazmin_Semyon"]
[Black "Karina_Ivanova"]
[Result "1-0"]
[WhiteElo "2584"]
[BlackElo "2223"]
[TimeControl "180+1"]
[EndTime "8:03:59 PDT"]
[Termination "Kazmin_Semyon won by resignation"]

1. d4 Nf6 2. c4 e6 3. Nc3 Bb4 4. a3 Bxc3+ 5. bxc3 b6 6. f3 Bb7 7. e4 d6 8. Bd3 Nbd7 9. Ne2 e5 10. O-O Qe7 11.
Ng3 g6 12. a4 a5 13. f4 exf4 14. Bxf4 O-O-O 15. Qf3 Rde8 16. Rae1 h6 17. h3 g5 18. Bc1 Qf8 19. Qf2 Qe7 20. Ba3 Rh7 21. e5 1-0

[Event "Early-Titled-Tuesday-Blitz-May-07-2024"]
[Site "Chess.com"]
[Date "2024.05.07"]
[Round "1"]
[White "Alphafischer2019"]
[Black "Piccadilly123"]
[Result "1-0"]
[WhiteElo "2664"]
[BlackElo "2374"]
[TimeControl "180+1"]
[EndTime "8:04:01 PDT"]
[Termination "Alphafischer2019 won by resignation"]

1. Nf3 Nf6 2. g3 g6 3. Bg2 Bg7 4. c4 O-O 5. O-O d6 6. Nc3 e5 7. d3 Nbd7 8. Rb1 a5 9. a3 c6 10. b4 axb4 11. axb4 Ne8 12. b5 Nc5 13. bxc6 bxc6 14.
Nd2 Qc7 15. Nde4 Nxe4 16. Nxe4 f5 17. Nd2 Nf6 18. Bb2 Be6 19. Ra1 Rfb8 20. Qc2 Nd7 21.
Rfb1 Nc5 22. Bc3 Bh6 23. e3 Rxb1+ 24. Rxb1 Rb8 25. Rxb8+ Qxb8 26. d4 exd4 27. exd4 Nd7 28. Bxc6 Qc7 29. d5 Bf7 30. Nf3 Nb6 31. Qd3 Bg7 32.
Bxg7 Kxg7 33. Qd4+ Kg8 34. Ng5 Na4 35. Bxa4 1-0

[Event "Early-Titled-Tuesday-Blitz-May-07-2024"]
[Site "Chess.com"]
[Date "2024.05.07"]
[Round "1"]
[White "Cheer_Down"]
[Black "BardArtem"]
[Result "1-0"]
[WhiteElo "2469"]
[BlackElo "2789"]
[TimeControl "180+1"]
[EndTime "8:04:08 PDT"]
[Termination "Cheer_Down won by resignation"]

1. e4 d5 2. exd5 Qxd5 3. d4 Nc6 4. Nf3 Bg4 5. Be2 O-O-O 6. Be3 e5 7. c4 Qa5+ 8. Bd2 Qa6 9. d5 Bxf3 10. Bxf3 Nd4 11. Be2 Qg6 12. O-O Nc2 13. Nc3 Nxa1 14. Qa4 Qc2 15. Qxa7 Nf6 16. Bg5 h5 17. Rxa1 Qxb2 18.
Rb1 Bc5 19. Qa8+ Kd7 20. Qxd8+ Rxd8 21. Rxb2 Bd4 22. Bxf6 gxf6 23. Rc2 Bxc3 24. Rxc3 Ra8 25. a3 Kd6 26. Bxh5 Kc5 27. Bxf7 Kd4 28. Rg3 f5 29. h4 e4 30. h5 f4 31. Rg4 e3 32. Rxf4+ Kd3 33. fxe3 c6 34. dxc6 bxc6 35. h6 c5 36. h7 Rxa3 37. h8=Q Kc2 38. Rf2+ 1-0

[Event "Early-Titled-Tuesday-Blitz-May-07-2024"]
[Site "Chess.com"]
[Date "2024.05.07"]
[Round "1"]
[White "Aswathchess"]
[Black "manipun1"]
[Result "1-0"]
[WhiteElo "2615"]
[BlackElo "2289"]
[TimeControl "180+1"]
[EndTime "8:04:15 PDT"]
[Termination "Aswathchess won by resignation"]

1. c4 e5 2. g3 Nc6 3. Bg2 g6 4. Nc3 Bg7 5. d3 d6 6. Nf3 f5 7. Rb1 Nf6 8. O-O a5 9. a3 O-O 10. b4 axb4 11. axb4 h6 12. b5 Ne7 13. Nd2 g5 14. Nb3 Kh8 15. d4 e4 16. d5 Ng6 17. c5 dxc5 18. Nxc5 Qd6 19. N5a4 b6 20. Qb3 Re8 21. Ba3 Qd7 22. d6 Bb7 23. Rfd1 f4 24. dxc7 Qxc7 25. Bd6 Qd8 26. Bxf4 Qxd1+ 27. Rxd1 gxf4 28. Nxb6 Rad8 29. Rxd8 Rxd8 30. Qf7 f3 31.
Qxb7 1-0

[Event "Early-Titled-Tuesday-Blitz-May-07-2024"]
[Site "Chess.com"]
[Date "2024.05.07"]
[Round "1"]
[White "MikeSailer"]
[Black "colegiodemadrid"]
[Result "0-1"]
[WhiteElo "2123"]
[BlackElo "2562"]
[TimeControl "180+1"]
[EndTime "8:04:15 PDT"]
[Termination "colegiodemadrid won by resignation"]

1. d4 d5 2. Nf3 e6 3. Bf4 c6 4. e3 f5 5. Be2 Nf6 6. h3 Be7 7. c4 O-O 8. Nc3 Bd7 9. a3 Be8 10. Ne5 Nbd7 11. b4 Nxe5 12. Bxe5 Nd7 13. Bh2 Bf6 14.
f4 Bh4+ 15. g3 Be7 16. Qb3 Nf6 17. Rg1 a5 18. g4 axb4 19. Nd1 Rxa3 20. Rxa3 bxa3 21.
gxf5 Qa5+ 22. Kf2 exf5 23. Kg2 Bb4 24. Kh1 a2 0-1

[Event "Early-Titled-Tuesday-Blitz-May-07-2024"]
[Site "Chess.com"]
[Date "2024.05.07"]
[Round "1"]
[White "Real_taiatai"]
[Black "Lestofante90"]
[Result "0-1"]
[WhiteElo "2525"]
[BlackElo "2962"]
[TimeControl "180+1"]
[EndTime "8:04:23 PDT"]
[Termination "Lestofante90 won by resignation"]

1. e4 c6 2. d4 d5 3. e5 Bf5 4.
Nf3 e6 5. Be2 Nd7 6. O-O a5 7. Be3 a4 8. a3 Ne7 9. c4 dxc4 10.
Bxc4 Nd5 11. Nc3 N7b6 12. Be2 Be7 13. Rc1 O-O 14. Nd2 Nxc3 15. Rxc3 Nd5 16. Rc4 Qb6 17. Rxa4 Rxa4 18. Qxa4 Qxb2 19. Qa7 Nxe3 0-1

[Event "Early-Titled-Tuesday-Blitz-May-07-2024"]
[Site "Chess.com"]
[Date "2024.05.07"]
[Round "1"]
[White "Irishchessman16"]
[Black "stratacticos"]
[Result "1-0"]
[WhiteElo "2546"]
[BlackElo "1835"]
[TimeControl "180+1"]
[EndTime "8:04:30 PDT"]
[Termination "Irishchessman16 won by resignation"]

1. e4 c5 2. Nf3 Nc6 3. d4 cxd4 4. Nxd4 e5 5. Nf5 d5 6. exd5 Bxf5 7. dxc6 Qxd1+ 8.
Kxd1 bxc6 9. Bd3 O-O-O 10. Ke2 e4 11. Bc4 Bg4+ 12. f3 exf3+ 13. gxf3 Bh5 14. Bg5 f6 15. Be3 Kb7 16. Nd2 Ne7 17. Ne4 Nd5 18. Bxd5 cxd5 19. Ng3 Bg6 20. c3 Bd6 21. Kf2 h5 22. h4 Rhe8 23. Ne2 Kc6 24. Rhg1 Rxe3 25. Kxe3 Re8+ 26. Kf2 Bd3 27. Nd4+ Kb6 28. Rxg7 Bc5 29. Re1 Bxd4+ 30. cxd4 Rxe1 31. Kxe1 Kb5 32. Kd2 Bf5 33. Rxa7 Kc4 34. Ke3 1-0

[Event "Early-Titled-Tuesday-Blitz-May-07-2024"]
[Site "Chess.com"]
[Date "2024.05.07"]
[Round "1"]
[White "Shota_Azaladze"]
[Black "semchik90"]
[Result "1-0"]
[WhiteElo "2711"]
[BlackElo "2410"]
[TimeControl "180+1"]
[EndTime "8:04:34 PDT"]
[Termination "Shota_Azaladze won by resignation"]

1. Nf3 d5 2. g3 c6 3. Bg2 Nf6 4.
O-O h6 5. d3 Bf5 6. Nbd2 e6 7.
Qe1 Be7 8. e4 dxe4 9. dxe4 Bh7 10. Qe2 O-O 11. Rd1 Qc7 12. Ne1 Nbd7 13. Nd3 Nc5 14.
Nxc5 Bxc5 15. Nc4 Rad8 16. Bf4 Qe7 17. c3 Rxd1+ 18. Rxd1 Rd8 19. b4 Rxd1+ 20. Qxd1 Bb6 21. Nxb6 axb6 22. f3 Qd7 23. Qxd7 Nxd7 24. Bd6 e5 25. Bh3 f5 26. exf5 Kf7 27. Kf2 Kf6 28. g4 c5 29.
Bf1 Bg8 30. a3 Bd5 31. Bb5 Bc6 32. Bxc6 bxc6 33. bxc5 bxc5 34. a4 Nb6 35. a5 Nc8 36. Bxc5 1-0

[Event "Early-Titled-Tuesday-Blitz-May-07-2024"]
[Site "Chess.com"]
[Date "2024.05.07"]
[Round "1"]
[White "jcibarra"]
[Black "JG-17"]
[Result "1-0"]
[WhiteElo "2958"]
[BlackElo "2524"]
[TimeControl "180+1"]
[EndTime "8:04:37 PDT"]
[Termination "jcibarra won by resignation"]

1. e4 c5 2. Nf3 d6 3. d4 cxd4 4. Nxd4 Nf6 5. Nc3 g6 6. Be3 Nc6 7. f3 h5 8. Qd2 Nxd4 9. Bxd4 Bh6 10. Bb5+ Kf8 11. Qf2 Be6 12. O-O h4 13. h3 Bf4 14.
Ne2 Be5 15. c3 a6 16. Bd3 b5 17. f4 Bxd4 18. cxd4 Bc4 19. Bxc4 bxc4 20. Nc3 Kg7 21. e5 Nh5 22. Qxh4 dxe5 23. fxe5 e6 24. Qf2 Ra7 25. g4 Qg5 26. Ne4 Qh6 27. gxh5 Qxh5 28. Qf6+ Kg8 29. Rf3 Rd7 30. Nd6 Rh7 31. Raf1 g5 32. Rg3 Rg7 33. Qf3 Qh4 34. Qg4 Qh6 35. Ne4 Rxd4 36. Nf6+ 1-0

[Event "Early-Titled-Tuesday-Blitz-May-07-2024"]
[Site "Chess.com"]
[Date "2024.05.07"]
[Round "1"]
[White "crosky"]
[Black "SirStrateg"]
[Result "0-1"]
[WhiteElo "2376"]
[BlackElo "2671"]
[TimeControl "180+1"]
[EndTime "8:04:40 PDT"]
[Termination "SirStrateg won by resignation"]

1. d4 d6 2. e4 Nf6 3. Nc3 c6 4. g3 e5 5. Nge2 Be7 6. Bg2 Nbd7 7. O-O b5 8. a3 O-O 9. h3 a5 10. Be3 Bb7 11. d5 cxd5 12. Nxd5 Nxd5 13. exd5 Nb6 14. f4 Nc4 15. Bc1 Qb6+ 16. Kh1 Ne3 17. Bxe3 Qxe3 18. Rf3 Qc5 19. Rd3 Bf6 20. f5 b4 21.
g4 e4 22. Bxe4 Bxb2 23. axb4 axb4 24. Rxa8 Rxa8 25. Nf4 Ra1 0-1

[Event "Early-Titled-Tuesday-Blitz-May-07-2024"]
[Site "Chess.com"]
[Date "2024.05.07"]
[Round "1"]
[White "arnash_bauyrzhan"]
[Black "andriipalchuk"]
[Result "0-1"]
[WhiteElo "2303"]
[BlackElo "2620"]
[TimeControl "180+1"]
[EndTime "8:04:40 PDT"]
[Termination "andriipalchuk won on time"]

1. e4 c6 2. d4 d5 3. exd5 cxd5 4.
Bd3 Nc6 5. c3 Nf6 6. Nf3 Bg4 7.
O-O e6 8. h3 Bh5 9. Bf4 Bd6 10.
Bxd6 Qxd6 11. Nbd2 O-O 12. a4 b6 13. Re1 Rfe8 14.
Qb3 Nd7 15. Bb5 f6 16. Bxc6 Qxc6 17. Qb5 Qb7 18. Re3 a6 19. Qb3 e5 0-1

[Event "Early-Titled-Tuesday-Blitz-May-07-2024"]
[Site "Chess.com"]
[Date "2024.05.07"]
[Round "1"]
[White "JiiHart"]
[Black "WindWhistler11"]
[Result "0-1"]
[WhiteElo "2153"]
[BlackElo "2571"]
[TimeControl "180+1"]
[EndTime "8:04:42 PDT"]
[Termination "WindWhistler11 won by resignation"]

1. e4 e6 2. d4 d5 3. Nd2 Nc6 4. Ngf3 Nf6 5. Bd3 Nb4 6. O-O Nxd3 7. cxd3 Be7 8. Re1 O-O 9. Nf1 b6 10. Ng3 Ba6 11. h4 Rc8 12. Bg5 h6 13. Bf4 c5 14. Qd2 cxd4 15. Nxd4 dxe4 16. dxe4 Rc4 17.
Rad1 Bb4 18. Nxe6 Bxd2 19. Nxd8 Bxe1 20. b3 Rc8 21. Rxe1 Rcxd8 0-1

[Event "Early-Titled-Tuesday-Blitz-May-07-2024"]
[Site "Chess.com"]
[Date "2024.05.07"]
[Round "1"]
[White "banane_verte"]
[Black "Bwert2602"]
[Result "1-0"]
[WhiteElo "2603"]
[BlackElo "2256"]
[TimeControl "180+1"]
[EndTime "8:04:44 PDT"]
[Termination "banane_verte won by resignation"]

1. d4 Nf6 2. c4 e6 3. Nc3 c5 4. d5 exd5 5. cxd5 Bd6 6. e4 O-O 7. f4 Nxe4 8. Nxe4 Re8 9. Bd3 f5 10. Nh3 fxe4 11. Bc4 Qh4+ 12. Kf1 e3 13. Qf3 a6 14. a4 b5 15. axb5 axb5 16. Rxa8 bxc4 17. Bxe3 Ba6 18. Bf2 Qf6 19. g3 c3+ 20. Rxa6 c2 21. Ra1 Qxb2 22. Kg2 1-0

[Event "Early-Titled-Tuesday-Blitz-May-07-2024"]
[Site "Chess.com"]
[Date "2024.05.07"]
[Round "1"]
[White "manitodeplomo"]
[Black "Supergiuly"]
[Result "1-0"]
[WhiteElo "2632"]
[BlackElo "2336"]
[TimeControl "180+1"]
[EndTime "8:04:46 PDT"]
[Termination "manitodeplomo won by resignation"]

1. d4 e6 2. c4 g6 3. Nc3 Bg7 4. Nf3 Ne7 5. e3 O-O 6. Be2 c5 7. O-O b6 8. d5 Bb7 9. e4 exd5 10.
cxd5 d6 11. Bf4 f5 12. e5 dxe5 13. Bxe5 Bxe5 14. Nxe5 Nxd5 15. Bc4 Qe7 16. Bxd5+ Bxd5 17. Qxd5+ Kh8 18. Qxa8 Qxe5 19. Qd5 Qe7 20. Rfe1 Qc7 21.
Nb5 Qf4 22. Qe5+ Qxe5 23. Rxe5 Nc6 24. Re6 Nb4 25. a3 Nd3 26. Nxa7 Nxb2 27. Rxb6 Nc4 28.
Rc6 Ra8 29. Rxc5 Nd2 30. Rc8+ 1-0

[Event "Early-Titled-Tuesday-Blitz-May-07-2024"]
[Site "Chess.com"]
[Date "2024.05.07"]
[Round "1"]
[White "Kotofeyca"]
[Black "kleinebeer98"]
[Result "0-1"]
[WhiteElo "2507"]
[BlackElo "2920"]
[TimeControl "180+1"]
[EndTime "8:04:49 PDT"]
[Termination "kleinebeer98 won by checkmate"]

1. d4 Nf6 2. c4 a6 3. Nc3 b5 4. cxb5 axb5 5. Nxb5 e5 6. dxe5 Ne4 7.
Nc3 Bb4 8. Qc2 d5 9. e3 Bf5 10. Bd3 Nd7 11. Ne2 Nxe5 12. O-O Nxd3 13. Qxd3 Nxc3 14. Qxf5 Nxe2+ 15. Kh1 O-O 16. Rd1 Nxc1 17.
Rxd5 Bd6 18. Rxc1 Rxa2 19. Qc2 Qf6 20. Rb5 g6 21. Kg1 Rfa8 22. g3 Ra1 23. Kg2 Rxc1 24.
Qxc1 Qe6 25. Qc2 h5 26. h4 Re8 27. Rb3 Qd5+ 28. Kg1 Ra8 29. Qd3 Ra1+ 30. Kh2 Qh1# 0-1